 Dungeon Crawl Stone Soup version 0.21.0-37-g46506fa (webtiles) character file.

209 troglodite the Skirmisher (level 5, -3/43 HPs)
             Began as a Demonspawn Berserker on Jan 30, 2018.
             Was a Priest of Trog.
             Succumbed to kobold's curare-tipped needle
             ... on level 3 of the Dungeon.
             The game lasted 00:07:48 (2514 turns).

troglodite the Skirmisher (Demonspawn Berserker)    Turns: 2514, Time: 00:07:49

Health: -3/43      AC: 11    Str: 17    XL:     5   Next: 55%
Magic:  5/5        EV:  7    Int:  9    God:    Trog [***...]
Gold:   171        SH:  0    Dex: 15    Spells: 4/4 levels left

rFire    + . .     SeeInvis .   i - +2 hand axe (chop)
rCold    . . .     Gourm    .   (no shield)
rNeg     . . .     Faith    .   o - +0 chain mail
rPois    .         Spirit   .   (helmet restricted)
rElec    .         Reflect  .   m - +0 cloak
rCorr    .         Harm     .   p - +0 pair of gloves
MR       +....                  (no boots)
Stlth    ..........             (no amulet)
HPRegen  0.14/turn              k - +2 ring of dexterity
MPRegen  0.09/turn              l - ring of protection from magic

@: lethally poisoned (-3 -> -40), flying, slowed, drained, very slow
A: antennae 1, fire resistance 1
a: Berserk, Trog's Hand, Burn Spellbooks, Renounce Religion


You were on level 3 of the Dungeon.
You worshipped Trog.
Trog was most pleased with you.
You were not hungry.

You visited 1 branch of the dungeon, and saw 3 of its levels.

You collected 171 gold pieces.

Inventory:

Hand Weapons
 a - a +0 falchion
 i - a +2 hand axe of chopping (weapon)
Armour
 m - a +0 cloak (worn)
 o - a +0 chain mail (worn)
 p - a +0 pair of gloves (worn)
Jewellery
 k - a +2 ring of dexterity (left hand)
 l - a ring of protection from magic (right hand)
Scrolls
 d - 2 scrolls of identify {unknown}
 e - a scroll of remove curse {unknown}
 h - 2 scrolls of blinking {unknown}
 n - 2 scrolls of enchant armour {unknown}
Potions
 f - a potion of mutation {unknown}
 g - a potion of flight
 j - 2 potions of curing {unknown}
 q - a potion of lignification {unknown}
Comestibles
 b - 6 chunks of flesh
 c - 4 rations


   Skills:
 * Level 4.4(3.8) Fighting
 + Level 3.4(2.9) Long Blades
 + Level 1.9(1.4) Axes
 * Level 2.8(2.3) Armour
 + Level 2.3(1.8) Dodging


You had 4 spell levels left.
You didn't know any spells.

Dungeon Overview and Level Annotations

Branches:
Dungeon (3/15)

Altars:


Innate Abilities, Weirdness & Mutations

You have a pair of small antennae on your head.
Your flesh is heat resistant. (rF+)


Message History

The kobold shoots a curare-tipped needle.
The curare-tipped needle hits you.
You are lethally poisoned!
You have difficulty breathing.
You feel as though you will be slow longer.
The kobold shoots a curare-tipped needle.
The curare-tipped needle hits you.
You are more poisoned.
You have difficulty breathing.
* * * LOW HITPOINT WARNING * * *
You feel as though you will be slow longer.
You see here a curare-tipped needle.
* * * LOW HITPOINT WARNING * * *
You feel very sick.
* * * LOW HITPOINT WARNING * * *
You feel very sick.
It was a potion of flight.
You feel very buoyant.
You fly up into the air.
You die...

.............
#(K........%..#
..#...........####
..l..............
##................ #.
.[.........[.....
#.###...............
####.##.((....... #....
#. #.....@..(.......
##...
...#.##.###.........
#....
...#.##.##..........
#....
#.#.......รท..#.......
#....
.#..........##......
#.... ...>........#
#..##. #..).
#.###...........# ..#
#..^.
#.#........)....###..##
##.##
#....###...............(
.....


There were no monsters in sight!

Vanquished Creatures
  An orc priest (D:3)
  Crazy Yiuf (D:2)
  Robin (D:2)
  3 adders (D:2)
  5 oozes
  7 leopard geckos
  4 orcs (D:3)
  A giant cockroach (D:2)
  11 goblins
  12 hobgoblins
  2 jackals (D:1)
  A quokka (D:3)
  2 ball pythons
  14 bats
  4 frilled lizards
  8 kobolds
  4 rats
81 creatures vanquished.

Notes
Turn   | Place    | Note
-------+----------+-------------------------------------------
     0 | D:1      | troglodite the Demonspawn Berserker began the quest for the Orb.
     0 | D:1      | Reached XP level 1. HP: 18/18 MP: 1/1
   344 | D:1      | Gained mutation: Your flesh is heat resistant. (rF+) [demonic ancestry]
   344 | D:1      | Reached XP level 2. HP: 15/24 MP: 2/2
   547 | D:1      | Reached XP level 3. HP: 23/29 MP: 3/3
   748 | D:1      | Reached ** piety under Trog
  1393 | D:2      | Gained mutation: You have a pair of small antennae on your head. [demonic ancestry]
  1393 | D:2      | Reached XP level 4. HP: 17/37 MP: 4/4
  1694 | D:2      | Reached skill level 1 in Axes
  1873 | D:2      | Noticed Robin
  1885 | D:2      | Killed Robin
  1936 | D:2      | Found a runed door.
  1940 | D:2      | Noticed Crazy Yiuf
  1944 | D:2      | Killed Crazy Yiuf
  1944 | D:2      | Reached skill level 4 in Fighting
  1944 | D:2      | Reached XP level 5. HP: 42/42 MP: 5/5
  2421 | D:3      | Reached *** piety under Trog
  2513 | D:3      | HP: 1/43 [poisoned by kobold (curare-tipped needle)]
  2514 | D:3      | Succumbed to kobold's curare-tipped needle

Skill      XL: |  1  2  3  4 |
---------------+-------------+-----
Long Blades    | 3 |  3.4
Armour         | 2 |  2.8
Dodging        | 2 |  2.3
Axes           | 1 |  1.9
Fighting       | 4 |  4.4

Action                   |  1- 3 |  4- 6 || total
-------------------------+-------+-------++-------
Melee: Falchion          |    26 |       ||    26
       Hand axe          |    55 |    71 ||   126
Invok: Berserk           |       |     3 ||     3
  Use: Potion            |       |     1 ||     1
 Stab: Sleeping          |     1 |       ||     1
  Eat: Chunk             |     1 |     4 ||     5
       Ration            |       |     1 ||     1
Armor: Animal skin       |    20 |       ||    20
       Chain mail        |    27 |    67 ||    94
Dodge: Dodged            |    67 |    37 ||   104
       Rpst.: Falchion   |    10 |       ||    10
